 Dungeon Crawl Stone Soup version 0.17.1-1-g73c8601 (webtiles) character file.

453 PossumBlood the Carver (level 6, -6/51 HPs)
             Began as a Minotaur Fighter on Dec 22, 2015.
             Mangled by a river rat (7 damage)
             ... in a sewer.
             The game lasted 00:06:15 (3031 turns).

PossumBlood the Carver (Minotaur Fighter)           Turns: 3031, Time: 00:06:15

Health: -6/51      AC:  6    Str: 25    XL:     6   Next: 75%
Magic:  5/5        EV: 12    Int:  5    God:
Gold:   131        SH: 11    Dex: 14    Spells: 0 memorised, 5 levels left

rFire  + . .     SeeInvis .     a - +1 long sword
rCold  . . .     Clarity  .     b - +0 scale mail
rNeg   . . .     SustAt   .     c - +1 shield
rPois  .         Gourm    .     (helmet restricted)
rElec  .         Spirit   .     (no cloak)
rCorr  .         Warding  .     (no gloves)
rMut   .         Stasis   .     (no boots)
MR     .....                    (no amulet)
Stlth  +.........               t - +2 ring of strength
                                k - ring of protection from fire

@: agile, lethally poisoned (-6 -> -7), not resistant to hostile enchantments,
very unstealthy
A: retaliatory headbutt, horns 2
a: no special abilities


You were in a sewer.
You were not hungry.

You visited 1 branch of the dungeon, and saw 4 of its levels.
You also visited: Sewer.

You collected 131 gold pieces.

Inventory:

Hand Weapons
 a - a +1 long sword (weapon)
 o - a +2 war axe of electrocution
 v - a +1 flail of holy wrath
Missiles
 x - 5 tomahawks (quivered)
Armour
 b - a +0 scale mail (worn)
 c - a +1 shield (worn)
Jewellery
 k - a ring of protection from fire (left hand)
 t - a +2 ring of strength (right hand)
Wands
 p - a wand of random effects (30)
 y - a wand of magic darts (35)
Scrolls
 h - 7 scrolls of remove curse
 i - 5 scrolls of identify
 l - a scroll of magic mapping
 r - a scroll of noise {unknown}
Potions
 d - a potion of might
 f - a potion of heal wounds {unknown}
 m - a potion of magic {unknown}
 n - 3 potions of brilliance
 q - a potion of curing {unknown}
 s - a potion of poison {unknown}
 u - a potion of flight {unknown}
Comestibles
 e - 2 bread rations
 j - a royal jelly
 z - 2 meat rations


   Skills:
 - Level 3.6 Fighting
 * Level 8.9 Long Blades
 - Level 3.6 Armour
 - Level 3.6 Shields


You had 5 spell levels left.
You didn't know any spells.

Dungeon Overview and Level Annotations

Branches:
Dungeon (4/15)
 Temple: D:4-7

Altars:
Vehumet

Annotations:
Sewer Clownie's ghost, amateur FoFi


Innate Abilities, Weirdness & Mutations

You reflexively headbutt those who attack you in melee.
You have a pair of horns on your head.


Message History

There is an empty arch of ancient stone here.
You feel sick.
There is a gate leading back out of this place here.
You slash the river rat!
The river rat is almost dead.
You barely miss the river rat.
You headbutt the river rat, but do no damage.
The river rat is almost dead.
You feel sick. The river rat bites you.
* * * LOW HITPOINT WARNING * * *
You block the river rat's attack.
Clownie's ghost (amateur Formicid Fighter) comes into view.
Drink which item? (? for menu, Esc to quit)
Okay, then.
Drink which item? (? for menu, Esc to quit)
It was a potion of agility.
You feel agile all of a sudden.
Clownie's ghost turns its malevolent gaze towards you.
The river rat bites you!
You die...

###
#.#
#.#
#r#
#r#
#@#
#r#
#∩#
#r#
#r#
#.#
#W#
#.#
#.#


You could see Clownie's ghost, 2 river rats and 3 rats.

Vanquished Creatures
  Edmund (D:4)
  An ice beast (D:4)
  An orc wizard (D:3)
  Terence (D:3)
  An iguana (D:4)
  Robin (D:2)
  9 adders
  A worm (D:2)
  5 giant geckos (D:2)
  3 orcs
  4 giant cockroaches
  14 goblins
  10 hobgoblins
  A quokka (D:4)
  8 bats
  7 giant newts
  4 jackals (D:1)
  6 kobolds
  5 rats
83 creatures vanquished.

Notes
Turn   | Place    | Note
--------------------------------------------------------------
     0 | D:1      | PossumBlood the Minotaur Fighter began the quest for the Orb.
     0 | D:1      | Reached XP level 1. HP: 19/19 MP: 0/0
   189 | D:1      | Reached XP level 2. HP: 21/26 MP: 1/1
   771 | D:2      | Reached skill level 4 in Long Blades
   846 | D:2      | Reached XP level 3. HP: 31/31 MP: 2/2
  1254 | D:2      | Noticed Robin
  1263 | D:2      | Killed Robin
  1263 | D:2      | Reached skill level 5 in Long Blades
  1266 | D:2      | Reached XP level 4. HP: 21/39 MP: 3/3
  2241 | D:3      | Found a radiant altar of Vehumet.
  2302 | D:3      | Noticed Terence
  2309 | D:3      | Killed Terence
  2309 | D:3      | Reached skill level 6 in Long Blades
  2331 | D:3      | Reached XP level 5. HP: 40/45 MP: 4/4
  2794 | D:4      | Noticed an ice beast
  2800 | D:4      | Killed an ice beast
  2800 | D:4      | Reached skill level 7 in Long Blades
  2834 | D:4      | Reached XP level 6. HP: 24/51 MP: 5/5
  2981 | D:4      | Found a glowing drain.
  2983 | D:4      | Noticed Edmund
  2996 | D:4      | Killed Edmund
  2996 | D:4      | Reached skill level 8 in Long Blades
  3026 | Sewer    | Entered a sewer
  3030 | Sewer    | HP: 1/51 [river rat (4)]
  3031 | Sewer    | Noticed Clownie's ghost (amateur FoFi)
  3031 | Sewer    | Mangled by a river rat

Action                   |  1- 3 |  4- 6 || total
-------------------------+-------+-------++-------
Melee: Long sword        |   100 |   134 ||   234
  Use: Potion            |     1 |     1 ||     2
       Scroll            |       |     7 ||     7
  Eat: Bread ration      |     1 |       ||     1
       Fruit             |       |     3 ||     3
